 Dungeon Sprint DCSS version 0.20-a0-820-g557356e (webtiles) character file.

11 esc the Charlatan (level 2, -1/22 HPs)
             Began as a Demonspawn Artificer on Mar 4, 2017.
             Slain by a wolf (8 damage)
             ... in the Dungeon (Sprint III: "The Ten Rune Challenge").
             The game lasted 00:00:49 (77 turns).

esc the Charlatan (Demonspawn Artificer)              Turns: 77, Time: 00:00:50

Health: -1/22      AC:  3    Str: 12    XL:     2   Next: 13%
Magic:  4/4        EV: 12    Int: 12    God:
Gold:   0          SH:  0    Dex: 13    Spells: 1/1 levels left

rFire    . . .     SeeInvis .   a - +0 short sword
rCold    . . .     Gourm    .   b - +0 leather armour
rNeg     . . .     Faith    .   (no shield)
rPois    .         Spirit   .   (no helmet)
rElec    .         Reflect  .   (no cloak)
rCorr    .         Harm     .   (no gloves)
MR       .....     NoTele   +   (no boots)
Stlth    +.........             (no amulet)
Regen    0.1/turn               (no ring)
MPRegen  0.1/turn               (no ring)

@: no status effects
A: demonic guardian 1
a: no special abilities


You were in the Dungeon.
You were not hungry.

You visited 1 branch

Inventory:

Hand Weapons
 a - a +0 short sword (weapon)
Armour
 b - a +0 leather armour (worn)
Wands
 c - a wand of flame (15/48)
 d - a wand of enslavement (12/24)
 e - a wand of random effects (15/48)
Scrolls
 l - a scroll of blinking {!r}
 n - a scroll of fog {unknown}
Potions
 g - a potion of curing
 h - a potion of heal wounds
 i - a potion of haste
 j - 2 potions of magic
 k - a potion of berserk rage {!q}
Comestibles
 f - a bread ration {@e1}
 m - a chunk of flesh {@w0}


   Skills:
 + Level 2.2 Fighting
 + Level 2.1 Short Blades
 + Level 2.5 Dodging
 - Level 0.8 Stealth
 + Level 3.7 Evocations


You had one spell level left.
You didn't know any spells.

Dungeon Overview and Level Annotations

Branches:
Dungeon (1/1)

Altars:


Innate Abilities, Weirdness & Mutations

A weak demonic guardian rushes to your aid.


Message History

The rat bites Jessica but does no damage.
There is an open door here.
Jessica barely misses the rat.
The rat closely misses you.
Jessica hits the rat.
The rat barely misses Jessica.
Jessica barely misses the rat.
The rat closely misses Jessica.
Jessica hits the rat.
The rat dies!
Your Dodging skill increases to level 2!
You open the door.
There is an open door here.
A wolf comes into view.
What are your orders? t - Shout!
Orders for allies: a - Attack new target. r - Retreat! s - Stop attacking. g - Guard the area. f - Follow me.
Anything else - Cancel.
Gang up on whom?
Aim: a wolf
Okay, then.
You swap places.
What are your orders? t - Shout!
Orders for allies: a - Attack new target. r - Retreat! s - Stop attacking. g - Guard the area. f - Follow me.
Anything else - Cancel.
Gang up on whom?
Aim: a wolf Attack!
The wolf bites Jessica but does no damage.
Jessica barely misses the wolf.
The wolf bites Jessica but does no damage.
The wolf barely misses Jessica.
Jessica misses the wolf.
The wolf barely misses Jessica. x2; Jessica closely misses the wolf.
The wolf bites Jessica.
Jessica barely misses the wolf.
The wolf bites Jessica but does no damage.
The wolf bites Jessica!
Jessica dies!
The wolf looks stronger.
The wolf bites you.
* * * LOW HITPOINT WARNING * * *
You take 2 damage, and have 3/15 hp.
Aim: a wolf
Okay, then.
Aim: a wolf (chance to defeat MR: 55%)
The wolf resists with significant effort.
This wand has 13 charges left.
The wolf barely misses you.
Aim: a wolf (chance to defeat MR: 55%)
The wolf is charmed.
This wand has 12 charges left.
You swap places.
A human comes into view.
The human shouts!
You swap places.
What are your orders? t - Shout!
Orders for allies: a - Attack new target. p - Attack previous target. r - Retreat! s - Stop attacking. g - Guard the area. f - Follow me.
Anything else - Cancel.
Gang up on whom?
Aim: a human Attack!
The human closely misses your wolf.
Your wolf misses the human. x2; The human misses your wolf.
Your wolf closely misses the human.
The human hits your wolf.
Your wolf bites the human.
Your wolf bites the human!
The human barely misses your wolf.
Your wolf barely misses the human.
Your wolf closely misses the human.
The human misses your wolf.
Your wolf bites the human.
The human hits your wolf.
Your wolf misses the human.
Your wolf bites the human.
The human barely misses your wolf.
Your wolf misses the human.
Your wolf barely misses the human.
The human barely misses your wolf.
Your wolf completely misses the human.
The human closely misses your wolf.
Your wolf barely misses the human.
Your wolf bites the human.
The human hits your wolf.
Your wolf misses the human.
Your wolf bites the human.
The human closely misses your wolf.
Your wolf bites the human.
Your wolf barely misses the human.
The human barely misses your wolf.
Your wolf closely misses the human.
The human hits your wolf but does no damage.
Your wolf closely misses the human.
Your wolf barely misses the human.
The human barely misses your wolf.
Your wolf barely misses the human.
Your wolf bites the human but does no damage.
The human barely misses your wolf.
Your wolf bites the human!
The human dies!
Your Fighting skill increases to level 2!
Your Short Blades skill increases to level 2!
You have reached level 2!
Your demonic ancestry asserts itself...
You feel the presence of a demonic guardian.
You regained 2 hp, and now have 6/22 hp.
MP restored: 4 The wolf is no longer charmed.
The wolf bites you!
You die...

▓..# #....♣.♣
▓#'####.....♣ #
▓.....#....≈♣♣ .#
▓.....#...≈≈.♣ ♣♣.#
▓.....#..≈≈≈≈♣♣...+
▓####'#..≈≈≈≈≈≈.♣.#
▓?....#[≈≈≈≈≈≈....#
▓..@..#.≈≈≈≈≈.....#
▓.....#.≈≈≈..h@...#
▓'#####...........#
▓..........†......#
▓▓▓▓▓▓▓▓▓▓▓▓▓▓▓▓▓▓▓


You could see a wolf.

Vanquished Creatures
  2 rats (D)
2 creatures vanquished.

Vanquished Creatures (collateral kills)
  A human (D)
  A rat (D)
2 creatures vanquished.

Vanquished Creatures (others)
  Jessica (D)
1 creature vanquished.

Grand Total: 5 creatures vanquished

Notes
Turn   | Place    | Note
-------+----------+-------------------------------------------
     0 | D        | esc the Demonspawn Artificer began the quest for the Orb.
     0 | D        | Reached XP level 1. HP: 15/15 MP: 3/3
     5 | D        | Reached skill level 1 in Short Blades
    16 | D        | Noticed Jessica
    16 | D        | HP: 3/15 [Jessica/nerve-wracking pain (12)]
    23 | D        | Reached skill level 2 in Dodging
    33 | D        | Noticed a wolf
    42 | D        | Your ally died
    45 | D        | HP: 3/15 [wolf (2)]
    70 | D        | Reached skill level 2 in Fighting
    70 | D        | Reached skill level 2 in Short Blades
    70 | D        | Gained mutation: A weak demonic guardian rushes to your aid. [demonic ancestry]
    70 | D        | Reached XP level 2. HP: 6/22 MP: 4/4
    77 | D        | Slain by a wolf

Vault maps used:
D:        dungeon_sprint_mu

Skill      XL: |  1 |
---------------+----+-----
Short Blades   | 2 |  2.1
Dodging        | 2 |  2.5
Fighting       | 2 |  2.2
Stealth        | |  0.8
Evocations     | |  3.7

Action                   || total
-------------------------++-------
Melee: Short sword       ||     6
Evoke: Wand              ||     3
Armor: Leather armour    ||     2
Dodge: Dodged            ||     4

Vault maps used:
D:        dungeon_sprint_mu

Table legend:
 A = Turns spent in this place as a percentage of turns spent in the entire game.
 B = Non-inter-level travel turns spent in this place as a percentage of non-inter-level travel turns spent in the entire game.
 C = Inter-level travel turns spent in this place as a percentage of turns spent in this place.
 D = Turns resting spent in this place as a percentage of non-inter-level travel turns spent in this place.
 E = Turns spent auto-exploring this place as a percentage of non-inter-level travel turns spent in this place.
 F = Non-inter-level travel turns spent in this place divided by the number of levels of this place that you've seen.
                   A       B       C       D       E      F
               +-------+-------+-------+-------+-------+----------------------
         Total | 100.0 | 100.0 |   0.0 |   0.0 |   0.0 |  80.0
       Dungeon | 100.0 | 100.0 |   0.0 |   0.0 |   0.0 |  80.0
               +-------+-------+-------+-------+-------+----------------------

Table legend:
 A = Kills in this place as a percentage of kills in entire the game.
 B = Kills by you in this place as a percentage of kills by you in the entire game.
 C = Kills by friends in this place as a percentage of kills by friends in the entire game.
 D = Other kills in this place as a percentage of other kills in the entire game.
 E = Experience gained in this place as a percentage of experience gained in the entire game.
 F = Experience gained in this place divided by the number of levels of this place that you have seen.
                   A       B       C       D       E      F
               +-------+-------+-------+-------+-------+----------------------
         Total | 100.0 | 100.0 | 100.0 |  -nan | 100.0 |  16.0
       Dungeon | 100.0 | 100.0 | 100.0 |  -nan | 100.0 |  16.0
               +-------+-------+-------+-------+-------+----------------------
